 Dungeon Crawl Stone Soup version 0.21-a0-615-g8e08f28 (webtiles) character file.

595 Firecrotchwizard the Skirmisher (level 7, -1/61 HPs)
             Began as a White Draconian Abyssal Knight on Dec 22, 2017.
             Was a Priest of Lugonu.
             Slain by a bullfrog (6 damage)
             ... on level 6 of the Dungeon.
             The game lasted 00:08:48 (3480 turns).

Firecrotchwizard the Skirmisher (DrAK)              Turns: 3480, Time: 00:08:48

Health: -1/61      AC: 12    Str: 14    XL:     7   Next: 17%
Magic:  10/10      EV: 13    Int: 14    God:    Lugonu [***...]
Gold:   219        SH:  0    Dex: 11    Spells: 6/6 levels left

rFire    + . .     SeeInvis .   d - +0 flail
rCold    + . .     Gourm    .   (no shield)
rNeg     . . .     Faith    .   (armour unavailable)
rPois    +         Spirit   .   (helmet restricted)
rElec    .         Reflect  .   i - +2 cloak {rPois}
rCorr    +         Harm     .   (no gloves)
MR       .....                  h - +2 pair of boots
Stlth    +.........             (no amulet)
HPRegen  0.20/turn              t - ring of protection from fire {rF+, !d}
MPRegen  0.12/turn              u - ring of resist corrosion

@: short of breath, very slightly contaminated, hasted, invisible, very quick
A: breathe frost, unfitting armour, cold resistance 1, cold-blooded, AC +6
a: Breathe Frost, Depart the Abyss, Bend Space, Banish, Renounce Religion


You were on level 6 of the Dungeon.
You worshipped Lugonu.
Lugonu was most pleased with you.
You were hungry.

You visited 1 branch of the dungeon, and saw 6 of its levels.
You visited the Abyss 1 time.

You collected 219 gold pieces.

Inventory:

Hand Weapons
 a - a +1 mace
 d - a +0 flail (weapon)
   (You took it off an orc on level 3 of the Dungeon)
 v - a +0 whip
   (You took it off an orc on level 3 of the Dungeon)
Armour
 h - a +2 pair of boots (worn)
   (You found it on level 2 of the Dungeon)
 i - a +2 cloak of poison resistance (worn)
   (You found it on level 4 of the Dungeon)
 j - a +2 cloak
   (You found it on level 1 of the Dungeon)
 n - a +0 shield
   (You found it on level 7 of the Dungeon)
Jewellery
 t - a ring of protection from fire (left hand) {rF+, !d}
   (You found it on level 3 of the Dungeon)
 u - a ring of resist corrosion (right hand)
   (You found it on level 3 of the Dungeon)
Wands
 m - a wand of digging (17)
   (You found it on level 7 of the Dungeon)
Scrolls
 c - a scroll of fog
 e - a scroll of teleportation
 l - 3 scrolls of remove curse
Potions
 f - a potion of haste
 p - 3 potions of resistance
Comestibles
 b - 6 rations {@e1}
 r - 2 chunks of flesh {@w0}


   Skills:
 + Level 5.1 Fighting
 * Level 5.0 Maces & Flails
 + Level 3.8 Dodging
 + Level 4.3 Invocations


You had 6 spell levels left.
You didn't know any spells.

Dungeon Overview and Level Annotations

Branches:
Dungeon (7/15)
 Temple: D:4-7

Altars:
Ashenzari
Gozag
Makhleb
Ru
Zin

Annotations:
D:2 1 runed door
D:7 Ofeo's ghost, novice CeCK


Innate Abilities, Weirdness & Mutations

You can breathe waves of freezing cold.
You can buffet flying creatures when you breathe cold.
Your icy white scales are hard. (AC +6)
You cannot fit into any form of body armour.
Your flesh is cold resistant. (rC+)
You are cold-blooded and may be slowed by cold attacks.


Message History

The centaur barely misses you. The jackal misses you.
The crimson imp blinks!
The jackal closely misses you. The jackal completely misses you.
You hit the centaur but do no damage. The centaur misses you.
The jackal closely misses you. The jackal bites you.
* * * LOW HITPOINT WARNING * * *
The jackal closely misses you. The centaur misses you.
The jackal bites you but does no damage.
The jackal barely misses you.
You take 1 damage, and have 15/60 hp.
You sock the centaur!
You kill the centaur!
Lugonu accepts your kill.
Your Fighting skill increases to level 5!
Your Maces & Flails skill increases to level 5!
The jackal bites you but does no damage. x2
The jackal closely misses you. x2
You barely miss the jackal. The jackal misses you.
The jackal bites you but does no damage. x3
The jackal completely misses you.
A bullfrog comes into view.
You barely miss the jackal.
The bullfrog croaks.
The jackal barely misses you. The jackal closely misses you.
The jackal misses you.
The jackal bites you but does no damage.
You thump the jackal!
You kill the jackal!
Lugonu accepts your kill. The jackal barely misses you.
The jackal bites you but does no damage.
The crimson imp blinks!
The jackal bites you but does no damage.
The jackal misses you.
You sock the jackal!
You kill the jackal!
Lugonu accepts your kill. The jackal barely misses you.
You closely miss the jackal.
Your tail-slap misses the jackal.
The jackal closely misses you. x2
You hit the jackal. The bullfrog barely misses you.
The jackal closely misses you. The bullfrog misses you.
You barely miss the bullfrog. The jackal barely misses you.
The bullfrog closely misses you. The jackal barely misses you.
The bullfrog hits you.
* * * LOW HITPOINT WARNING * * *
A black bear comes into view.
You take 4 damage, and have 13/61 hp.
You miss the bullfrog.
The black bear growls angrily.
The jackal bites you.
* * * LOW HITPOINT WARNING * * *
The bullfrog barely misses you.
The crimson imp blinks!
The jackal completely misses you.
You take 1 damage, and have 12/61 hp.
You closely miss the bullfrog. You tail-slap the bullfrog.
The bullfrog closely misses you. The bullfrog barely misses you.
The jackal barely misses you.
You thump the bullfrog! The bullfrog hits you!
* * * LOW HITPOINT WARNING * * *
The jackal bites you but does no damage.
The bullfrog barely misses you.
The jackal bites you but does no damage.
You take 9 damage, and have 4/61 hp.
You barely miss the bullfrog.
The bullfrog hits you but does no damage.
The jackal closely misses you.
The crimson imp blinks!
The bullfrog hits you but does no damage.
The jackal barely misses you.
You closely miss the bullfrog. The bullfrog closely misses you.
The jackal barely misses you. The bullfrog barely misses you.
It was a potion of haste.
You feel yourself speed up.
The jackal bites you but does no damage.
The bullfrog hits you.
* * * LOW HITPOINT WARNING * * *
The jackal barely misses you.
You take 2 damage, and have 2/61 hp.
It was a potion of curing.
You feel better. The bullfrog hits you.
* * * LOW HITPOINT WARNING * * *
The crimson imp hits you but does no damage.
The jackal misses you.
You regained 7 hp, and now have 9/61 hp.
It was a potion of invisibility.
You fade into invisibility!
The bullfrog hits you but does no damage.
The black bear completely misses you. The black bear closely misses you.
The black bear claws you but does no damage.
The jackal barely misses you. The crimson imp misses you.
You are very lightly contaminated with residual magic.
You catch the helpless bullfrog completely off-guard!
You hit the bullfrog. The bullfrog closely misses you.
The jackal closely misses you. The black bear barely misses you.
The black bear closely misses you. The black bear claws you.
* * * LOW HITPOINT WARNING * * *
You take 4 damage, and have 5/61 hp.
You hit the bullfrog but do no damage.
The bullfrog hits you but does no damage.
The crimson imp misses you. The jackal barely misses you.
You catch the helpless bullfrog completely off-guard!
You hit the bullfrog. The bullfrog hits you.
You die...

#........
#........
#........
#........
#..?.....
#........
#5h......
#@F......
##h......
###.### #


You could see a black bear, a bullfrog, a crimson imp and a jackal.

Vanquished Creatures
  2 centaurs (D:6)
  A bullfrog zombie (D:7)
  A hound (D:4)
  2 jellies
  Jessica (D:2)
  An orc wizard (D:7)
  A worker ant (D:6)
  A killer bee zombie (D:7)
  3 gnolls (D:2)
  A howler monkey skeleton (D:7)
  10 adders
  An ooze (D:1)
  2 worms
  2 dart slugs
  A leopard gecko (D:4)
  10 orcs
  2 giant cockroaches (D:1)
  7 goblins
  5 hobgoblins
  6 jackals
  5 quokkas
  6 bats
  4 frilled lizards
  7 kobolds
  5 rats
87 creatures vanquished.

Notes
Turn   | Place    | Note
-------+----------+-------------------------------------------
     0 | Abyss:1  | Firecrotchwizard the Draconian Abyssal Knight began the quest for the Orb.
     0 | Abyss:1  | Reached XP level 1. HP: 19/19 MP: 2/2
     9 | D:1      | Escaped the Abyss
   179 | D:1      | Reached XP level 2. HP: 23/26 MP: 3/3
   870 | D:2      | Reached XP level 3. HP: 21/33 MP: 4/4
  1149 | D:2      | Found a runed door.
  1329 | D:2      | HP: 3/33 [gnoll (6)]
  1344 | D:2      | Reached skill level 4 in Fighting
  1344 | D:2      | Reached XP level 4. HP: 26/40 MP: 6/6
  1603 | D:2      | Noticed Jessica
  1608 | D:2      | Killed Jessica
  1608 | D:2      | Reached ** piety under Lugonu
  1608 | D:2      | Reached skill level 3 in Maces & Flails
  1608 | D:2      | Reached skill level 3 in Invocations
  1961 | D:2      | Found an opulent altar of Gozag.
  2232 | D:3      | Reached XP level 5. HP: 46/46 MP: 7/7
  2277 | D:3      | Reached skill level 3 in Dodging
  2704 | D:3      | Found a glowing silver altar of Zin.
  3020 | D:3      | Found a shattered altar of Ashenzari.
  3060 | D:4      | Found a sacrificial altar of Ru.
  3201 | D:4      | Found a burning altar of Makhleb.
  3207 | D:4      | Reached skill level 4 in Maces & Flails
  3207 | D:4      | Reached XP level 6. HP: 47/53 MP: 8/8
  3219 | D:4      | You fall through a shaft for 3 floors!
  3335 | D:7      | Reached *** piety under Lugonu
  3349 | D:7      | Reached skill level 4 in Invocations
  3414 | D:7      | Noticed Ofeo's ghost (novice CeCK)
  3456 | D:6      | Your scales start taking on an icy white colour.
  3456 | D:6      | Reached XP level 7. HP: 32/60 MP: 10/10
  3456 | D:6      | Gained mutation: Your flesh is cold resistant. (rC+) [White Draconian growth]
  3461 | D:6      | HP: 15/60 [jackal (1)]
  3462 | D:6      | Reached skill level 5 in Fighting
  3462 | D:6      | Reached skill level 5 in Maces & Flails
  3469 | D:6      | HP: 13/61 [bullfrog (4)]
  3472 | D:6      | HP: 4/61 [bullfrog (9)]
  3478 | D:6      | HP: 5/61 [black bear (4)]
  3480 | D:6      | Slain by a bullfrog

Vault maps used:
D:1:      eino_arrival_water_star, serial_curves, eino_curves_01,
          eino_curves_02, st_stairs_10
D:2:      lemuel_crystal_altar, minmay_item_behind_shaft, uniq_jessica,
          uniq_crazy_yiuf_cottage
D:3:      lemuel_coloured_pillars_altar, zin_academy, first_ration,
          minmay_fountain_box, hex_large, hangedman_abyss_or_decor_lesser_grid
D:4:      makhleb_heckhound_becter, old_standard_altar, led_sif_book,
          gammafunk_temple_overflow_statue, uniq_duvessa, uniq_eustachio,
          uniq_pikel
D:6:      minmay_temple_entry_metal_lava
D:7:      xom_butterflies, the_bakery
Abyss:1:  hangedman_classic_abyss_death

Skill      XL: |  1  2  3  4  5  6  7 |
---------------+----------------------+-----
Fighting       | 4 5 |  5.1
Maces & Flails | 3 4 5 |  5.0
Invocations    | 3 4 |  4.3
Dodging        | 3 |  3.8

Action                   |  1- 3 |  4- 6 |  7- 9 || total
-------------------------+-------+-------+-------++-------
Melee: Mace              |    90 |   157 |       ||   247
       Tailslap          |     6 |    23 |     2 ||    31
       Flail             |       |    78 |    20 ||    98
 Abil: Breathe Frost     |       |       |     1 ||     1
  Use: Potion            |     2 |       |     3 ||     5
       Scroll            |       |    11 |       ||    11
 Stab: Invisible         |       |       |     2 ||     2
  Eat: Chunk             |     1 |     7 |       ||     8
Armor: Skin              |    35 |   127 |    26 ||   188
Dodge: Dodged            |    65 |   191 |    64 ||   320

Table legend:
 A = Spawn XP
 B = Non-spawn XP
 C = Spawn XP percentage of total XP
 D = Spawn monster count
 E = Non-spawn monster count
 F = Spawn count percentage of total count
 G = Total turns spent on level
                    A         B        C        D         E        F      G
               +---------+---------+-------+---------+---------+-------+---------
         Total |       0 |     851 |   0.0 |       0 |      87 |   0.0 |  3480
               +---------+---------+-------+---------+---------+-------+---------
           D:1 |       0 |      35 |   0.0 |       0 |      16 |   0.0 |   839
           D:2 |       0 |     149 |   0.0 |       0 |      22 |   0.0 |  1366
           D:3 |       0 |     164 |   0.0 |       0 |      32 |   0.0 |   839
           D:4 |       0 |      62 |   0.0 |       0 |       5 |   0.0 |   166
           D:6 |       0 |     257 |   0.0 |       0 |       5 |   0.0 |    39
           D:7 |       0 |     184 |   0.0 |       0 |       7 |   0.0 |   222
               +---------+---------+-------+---------+---------+-------+---------

Vault maps used:
D:1:      eino_arrival_water_star, serial_curves, eino_curves_01,
          eino_curves_02, st_stairs_10
D:2:      lemuel_crystal_altar, minmay_item_behind_shaft, uniq_jessica,
          uniq_crazy_yiuf_cottage
D:3:      lemuel_coloured_pillars_altar, zin_academy, first_ration,
          minmay_fountain_box, hex_large, hangedman_abyss_or_decor_lesser_grid
D:4:      makhleb_heckhound_becter, old_standard_altar, led_sif_book,
          gammafunk_temple_overflow_statue, uniq_duvessa, uniq_eustachio,
          uniq_pikel
D:6:      minmay_temple_entry_metal_lava
D:7:      xom_butterflies, the_bakery
Abyss:1:  hangedman_classic_abyss_death

Table legend:
 A = Turns spent in this place as a percentage of turns spent in the entire game.
 B = Non-inter-level travel turns spent in this place as a percentage of non-inter-level travel turns spent in the entire game.
 C = Inter-level travel turns spent in this place as a percentage of turns spent in this place.
 D = Turns resting spent in this place as a percentage of non-inter-level travel turns spent in this place.
 E = Turns spent auto-exploring this place as a percentage of non-inter-level travel turns spent in this place.
 F = Non-inter-level travel turns spent in this place divided by the number of levels of this place that you've seen.
                   A       B       C       D       E      F
               +-------+-------+-------+-------+-------+----------------------
         Total | 100.0 | 100.0 |   2.1 |  35.7 |  44.8 | 486.6
       Dungeon |  99.7 |  99.7 |   2.1 |  35.8 |  44.8 | 566.2
         Abyss |   0.3 |   0.3 |   0.0 |   0.0 |  44.4 |   9.0
               +-------+-------+-------+-------+-------+----------------------

Table legend:
 A = Kills in this place as a percentage of kills in entire the game.
 B = Kills by you in this place as a percentage of kills by you in the entire game.
 C = Kills by friends in this place as a percentage of kills by friends in the entire game.
 D = Other kills in this place as a percentage of other kills in the entire game.
 E = Experience gained in this place as a percentage of experience gained in the entire game.
 F = Experience gained in this place divided by the number of levels of this place that you have seen.
                   A       B       C       D       E      F
               +-------+-------+-------+-------+-------+----------------------
         Total | 100.0 | 100.0 |   N/A |   N/A | 100.0 | 121.6
       Dungeon | 100.0 | 100.0 |   N/A |   N/A | 100.0 | 141.8
               +-------+-------+-------+-------+-------+----------------------
